 Dungeon Crawl Stone Soup version 0.19-a0-1170-g18f0c96 (webtiles) character file.

48 jacquesderrida the Cudgeler (level 3, 4/30 HPs)
             Began as a Minotaur Warper on Aug 18, 2016.
             Quit the game on level 4 of the Dungeon.
             The game lasted 00:01:40 (397 turns).

jacquesderrida the Cudgeler (Minotaur Warper)        Turns: 397, Time: 00:01:41

Health: 4/30       AC:  3    Str: 15    XL:     3   Next: 50%
Magic:  4/4        EV: 12    Int: 10    God:
Gold:   53         SH:  0    Dex: 10    Spells: 1 memorised, 3 levels left

rFire  . . .     SeeInvis .     a - +0 mace
rCold  . . .     Gourm    .     b - +0 leather armour
rNeg   + . .     Faith    .     (no shield)
rPois  .         Spirit   .     (helmet restricted)
rElec  .         Dismiss  .     (no cloak)
rCorr  .         Reflect  .     (no gloves)
MR     +....     Harm     .     (no boots)
Stlth  +.........               (no amulet)
                                k - ring of positive energy
                                j - ring of protection from magic

@: no status effects
A: retaliatory headbutt, horns 2
a: no special abilities


You were on level 4 of the Dungeon.
You were not hungry.

You visited 1 branch of the dungeon, and saw 4 of its levels.

You collected 53 gold pieces.

Inventory:

Hand Weapons
 a - a +0 mace (weapon)
Missiles
 e - 5 tomahawks of dispersal (quivered)
Armour
 b - a +0 leather armour (worn)
Jewellery
 j - a ring of protection from magic (left hand)
 k - a ring of positive energy (right hand)
Scrolls
 d - a scroll of blinking
 g - a scroll of fear {unknown}
 h - 2 scrolls of identify {unknown}
 i - 2 scrolls of noise {unknown}
Books
 c - a book of Spatial Translocations

   Spells                             Type                      Level
   a - Apportation                    Translocation                1
   b - Blink                          Translocation                2
   c - Shroud of Golubria             Charms/Translocation         2
   d - Portal Projectile              Translocation                3
   e - Teleport Other                 Translocation                3
   f - Passage of Golubria            Translocation                4
Comestibles
 f - a bread ration


   Skills:
 - Level 2.4 Fighting
 + Level 4.7 Maces & Flails
 - Level 1.0 Throwing
 - Level 1.2 Armour
 - Level 2.1 Dodging
 - Level 1.3 Spellcasting
 - Level 2.1 Translocations


You had 3 spell levels left.
You knew the following spells:

 Your Spells              Type           Power        Failure   Level  Hunger
a - Apportation           Tloc           #.........   17%         1    ##.....


Dungeon Overview and Level Annotations

Branches:
Dungeon (4/15)
 Temple: D:4-7

Altars:

Annotations:
D:2 Sigmund
D:3 Robin


Innate Abilities, Weirdness & Mutations

You reflexively headbutt those who attack you in melee.
You have a pair of horns on your head.


Message History

An adder comes into view.
The adder hisses angrily.
The giant cockroach barely misses you.
The giant cockroach bites you but does no damage.
Found an escape hatch in the floor.
Found a stone staircase leading down.
The adder skeleton bites you.
A worker ant comes into view.
The worker ant twitches its antennae in your direction.
An ogre comes into view. It is wielding a giant spiked club.
The ogre shouts!
You hear a shout!
The worker ant bites you.
* * * LOW HITPOINT WARNING * * *
The ogre closely misses you. The worker ant barely misses you.
There is a stone staircase leading down here.
The worker ant bites you.
* * * LOW HITPOINT WARNING * * *
Found 19 sling bullets.
Are you sure you want to abandon this character and quit the game? (Confirm with "yes".)

#.#.#.#
#.#.#.# .
#.#.# # #
#.#O##.####.
#..ZO.......
###>##.#####
#s# #
#######a#
#.(...@.#
#.#######


You could see 2 ogres, a worker ant, a giant cockroach and an adder skeleton.

Vanquished Creatures
  2 adders
  A worm (D:2)
  A dart slug (D:1)
  A giant gecko (D:4)
  9 goblins
  A hobgoblin (D:1)
  4 bats
  2 kobolds
  4 rats
25 creatures vanquished.

Notes
Turn   | Place    | Note
-------+----------+-------------------------------------------
     0 | D:1      | jacquesderrida the Minotaur Warper began the quest for the Orb.
     0 | D:1      | Reached XP level 1. HP: 18/18 MP: 1/1
    23 | D:1      | Reached skill level 3 in Maces & Flails
    37 | D:1      | Reached XP level 2. HP: 25/25 MP: 3/3
   170 | D:2      | Reached skill level 4 in Maces & Flails
   209 | D:3      | Noticed Robin
   217 | D:2      | Reached XP level 3. HP: 8/30 MP: 4/4
   292 | D:2      | Noticed Sigmund
   351 | D:4      | Noticed an ogre
   391 | D:4      | Noticed an ogre
   397 | D:4      | Quit the game

Vault maps used:
D:1:      saegor_arrival_simple_f
D:2:      grunt_ministairs_15, uniq_natasha, uniq_sigmund
D:3:      eat_drink_and_be_merry_uskayaw,
          nicolae_gozag_cash_rules_everything_around_me, uniq_robin
D:4:      first_bread

Skill      XL: |  1  2 |
---------------+-------+-----
Maces & Flails | 3 4 |  4.7
Fighting       | |  2.4
Throwing       | |  1.0
Armour         | |  1.2
Dodging        | |  2.1
Spellcasting   | |  1.3
Translocations | |  2.1

Action                   || total
-------------------------++-------
Melee: Mace              ||    33
       Headbutt          ||     5
 Stab: Distracted        ||     1
Armor: Leather armour    ||    15
Dodge: Dodged            ||    49
